 Dungeon Crawl Stone Soup version 0.27-a0-681-g0c81a3c1c3 (webtiles) character file.

Game seed: 10751031378727193867

12600 avis the Reanimator (level 11, -4/94 HPs)
             Began as a Deep Dwarf Necromancer on Mar 19, 2021.
             Was a High Priest of Makhleb.
             Slain by a sixfirhy (13 damage)
             ... summoned by a kobold demonologist
             ... on level 11 of the Dungeon on Mar 20, 2021.
             The game lasted 01:53:04 (15166 turns).

avis the Reanimator (Deep Dwarf Necromancer)       Turns: 15166, Time: 01:53:04

Health: -4/94      AC: -12   Str: 19    XL:     11   Next: 64%
Magic:  3/19       EV: 12    Int: 22    God:    Makhleb [*****.]
Gold:   616        SH:  5    Dex: 11    Spells: 16/20 levels left

rFire    + + +     SeeInvis .   w - +6 trident of the Eternal Warrior {holy, rF++ Int+4 Dex-2 Stlth+}
rCold    . . .     Faith    .   (no shield)
rNeg     . . .     Spirit   .   j - +2 chain mail {rF+}
rPois    .         Reflect  +   (no helmet)
rElec    .         Harm     .   (no cloak)
rCorr    .         Rampage  .   (no gloves)
Will     +....                  (no boots)
Stlth    +.........             p - amulet of reflection
HPRegen  0.00/turn              o - +4 ring of evasion
MPRegen  0.16/turn              Q - +6 ring of strength

@: lethally poisoned (-4 -> -4), corroded, non-regenerating
A: damage resistance, heal wounds, sense surroundings 2, no regeneration
a: Heal Wounds, Renounce Religion, Minor Destruction, Lesser Servant of Makhleb,
Major Destruction, Greater Servant of Makhleb


You were on level 11 of the Dungeon.
You worshipped Makhleb.
Makhleb was extremely pleased with you.
You visited 2 branches of the dungeon, and saw 12 of its levels.
You also visited: Ossuary.

You collected 616 gold pieces.

Inventory:

Hand Weapons
 a - the +9 long sword "Miklora" {vorpal, rC+ Str+4 SInv}
   (You took it off an orc on level 6 of the Dungeon)

   It inflicts extra damage upon your enemies.
   It affects your strength (+4).
   It protects you from cold.
   It lets you see invisible.
 b - the +4 quarterstaff of Forced Transition {venom, rF+ Will+ Str+2 Int+3}
   (You found it on level 4 of the Dungeon)

   It poisons the flesh of those it strikes.
   It affects your strength (+2).
   It affects your intelligence (+3).
   It protects you from fire.
   It affects your willpower, your defense against some magical effects.
 e - a +1 short sword of venom
 w - the +6 trident of the Eternal Warrior (weapon) {holy, rF++ Int+4 Dex-2 Stlth+}
   (You found it on level 7 of the Dungeon)

   It has been blessed by the Shining One to cause great damage to the undead
   and demons.
   It affects your intelligence (+4).
   It affects your dexterity (-2).
   It greatly protects you from fire.
   It makes you more stealthy.
 E - a +0 quarterstaff of freezing
 P - a +4 scimitar of flaming
Missiles
 h - 19 stones
 r - 2 javelins
 u - 45 poisoned darts
 v - 24 boomerangs
 L - 170 arrows
 S - 30 bolts
 T - 34 sling bullets
Armour
 j - a +2 chain mail of fire resistance (worn)
 F - a +1 robe of cold resistance
 X - a +0 troll leather armour
Jewellery
 g - a ring of flight
 o - a +4 ring of evasion (right hand)
 p - an amulet of reflection (around neck)
 q - a ring of ice
 Q - a +6 ring of strength (left hand)
Wands
 c - a wand of mindburst (30)
 n - a wand of charming (5)
 z - a wand of paralysis (9)
 K - a wand of digging (3)
 N - a wand of random effects (3)
 Y - a wand of iceblast (7)
Scrolls
 d - a scroll of blinking {unknown}
 f - 2 scrolls of fear {unknown}
 i - 3 scrolls of fog {unknown}
 s - a scroll of noise {unknown}
 t - a scroll of torment {unknown}
 y - a scroll of vulnerability {unknown}
 C - a scroll of magic mapping {unknown}
 G - 2 scrolls of random uselessness {unknown}
 H - a scroll of holy word {unknown}
 I - 4 scrolls of enchant weapon {unknown}
 J - a scroll of brand weapon {unknown}
 M - a scroll of silence {unknown}
 O - 2 scrolls of amnesia {unknown}
 V - 2 scrolls of teleportation {unknown}
 W - a scroll of immolation
Potions
 k - 6 potions of curing
 l - 3 potions of berserk rage
 m - 2 potions of haste
 x - a potion of lignification
 B - a potion of might
 D - a potion of cancellation {unknown}
 R - 2 potions of brilliance
 U - 2 potions of magic {unknown}


   Skills:
 - Level 5.0 Fighting
 * Level 5.8 Long Blades
 - Level 5.0 Armour
 - Level 2.1 Dodging
 - Level 5.0 Stealth
 - Level 5.0 Spellcasting
 + Level 13.6 Necromancy
 + Level 10.9 Invocations


You had 16 spell levels left.
You knew the following spells:

 Your Spells              Type           Power      Damage    Failure   Level
a - Pain                  Necr           100%       1d9       1%          1
d - Vampiric Draining     Necr           30%        2d10      1%          3

Your spell library contained the following spells:

 Spells                   Type           Power      Damage    Failure   Level
 Animate Skeleton         Necr           100%       N/A       1%          1
 Animate Dead             Necr           30%        N/A       3%          4
 Agony                    Necr           60%        N/A       11%         5
 Apportation              Tloc           10%        N/A       71%         1
 Corona                   Hex            5%         N/A       71%         1
 Magic Dart               Conj           20%        1d4       71%         1
 Summon Small Mammal      Summ           20%        N/A       71%         1
 Blink                    Tloc           N/A        N/A       83%         2
 Call Imp                 Summ           5%         N/A       83%         2
 Ensorcelled Hibernation  Hex/Ice        10%        N/A       83%         2
 Slow                     Hex            5%         N/A       83%         2
 Call Canine Familiar     Summ           5%         N/A       97%         3
 Confusing Touch          Hex            5%         N/A       97%         3
 Conjure Flame            Conj/Fire      5%         6-21      97%         3
 Dazzling Flash           Conj/Hex       10%        N/A       97%         3
 Lesser Beckoning         Tloc           2%         N/A       97%         3
 Mephitic Cloud           Conj/Pois/Air  5%         N/A       97%         3
 Summon Guardian Golem    Hex/Summ       5%         N/A       97%         3
 Tukima's Dance           Hex            5%         N/A       97%         3
 Summon Ice Beast         Ice/Summ       5%         N/A       100%        4
 Summon Lightning Spire   Summ/Air       5%         N/A       100%        4
 Alistair's Intoxication  Tmut/Pois      3%         N/A       100%        5
 Bolt of Magma            Conj/Fire/Erth 2%         4d4       100%        5
 Iskenderun's Battlesphe  Conj           5%         2d6       100%        5
 Invisibility             Hex            5%         N/A       100%        6
 Iron Shot                Conj/Erth      2%         9d2       100%        6
 Orb of Destruction       Conj           2%         9d1       100%        7
 Spellforged Servitor     Conj/Summ      2%         N/A       100%        7


Dungeon Overview and Level Annotations

Branches:
Dungeon (11/15)            Temple (1/1) D:4             Orc (0/2) D:9
Ossuary (visited)
   Lair: D:8-11

Altars:
Ashenzari
Cheibriados
Dithmenos
Elyvilon
Fedhas
Gozag
Hepliaklqana
Kikubaaqudgha
Makhleb
Nemelex Xobeh
Okawaru
Qazlal
Ru
Sif Muna
Trog
Uskayaw
Vehumet
Wu Jian
Xom
Yredelemnul
Zin
The Shining One


Innate Abilities, Weirdness & Mutations

You are resistant to damage.
You can heal yourself by infusing magical energy.
You passively map the area around you.
You do not regenerate.


Message History

The kobold demonologist casts a cantrip, but nothing happens.
The kobold brigand misses you.
You miss the sixfirhy. The sixfirhy barely misses you. x2
The sixfirhy hits you. The sixfirhy shocks you! The sixfirhy hits you!
The sixfirhy shocks you!
The kobold demonologist miscasts a cantrip.
The kobold brigand misses you. The sixfirhy hits you!
* * * LOW HITPOINT WARNING * * *
The sixfirhy shocks you!
* * * LOW HITPOINT WARNING * * *
You feel much better. The kobold brigand closely misses you.
Your +4 scimitar of flaming stops flaming.
You feel clever.
You feel clumsy.
The +6 trident of the Eternal Warrior {holy, rF++ Int+4 Dex-2 Stlth+} softly glows with a divine radiance!
w - the +6 trident of the Eternal Warrior (weapon)
{holy, rF++ Int+4 Dex-2 Stlth+} You closely miss the sixfirhy.
The kobold brigand hits you with a +0 dagger.
* * * LOW HITPOINT WARNING * * *
The sixfirhy hits you!
* * * LOW HITPOINT WARNING * * *
The sixfirhy shocks you!
* * * LOW HITPOINT WARNING * * *
The kobold brigand hits you with a +0 dagger!
* * * LOW HITPOINT WARNING * * *
You feel much better. You block the sixfirhy's attack. The sixfirhy hits you!
* * * LOW HITPOINT WARNING * * *
The sixfirhy shocks you!
* * * LOW HITPOINT WARNING * * *
The sixfirhy hits you.
* * * LOW HITPOINT WARNING * * *
The sixfirhy shocks you!
* * * LOW HITPOINT WARNING * * *
You block the sixfirhy's attack. The kobold brigand barely misses you.
You feel much better. The sixfirhy hits you!
* * * LOW HITPOINT WARNING * * *
The sixfirhy shocks you!
* * * LOW HITPOINT WARNING * * *
The sixfirhy barely misses you. The sixfirhy hits you!
You die...

.## ** *** * * # ...#
,, ,, , ,
*,#.##.###########, ,
*** *
,#............#.# * ,
,#.##.#.........# * ,
#.......##.#.# #
#..##.#.##.#.# *, * *
#4#.)#.....#.#.#
,#K3@(..........# *,
#...K4#K#....###.#.#
*, * *
,#.#.#K#...)......#.#
, ,
<...............>.# ,
* #*
.#####.####†###.# *,
, * , , ,,
,#......<...#.#, , ,
* #.#.##...#.# # * ,
#.#......#.# * ,, ,'
, # ######.#.# *, ,,


You could see a hellwing (summoned), an ice devil (summoned), a kobold
demonologist, a sixfirhy (summoned), a kobold brigand and a kobold.

Vanquished Creatures
  Fannar (D:10)
  Erica (D:9)
  Pikel (D:5)
  An elephant (D:10)
  Psyche (D:10)
  2 kobold demonologists (D:11)
  5 trolls (D:10)
  Grum (D:10)
  A vampire (D:10)
  A water moccasin (D:10)
  5 sky beasts
  3 orc warriors
  A black bear (D:9)
  A hornet zombie (Ossuary)
  A necrophage (D:10)
  5 ogres
  3 wolves (D:10)
  4 ice beasts
  A phantom (D:6)
  9 centaurs
  2 kobold brigands
  8 bullfrogs
  A wyvern zombie (Ossuary)
  A water moccasin zombie (Ossuary)
  4 scorpions
  52 killer bees
  4 wights (D:8)
  4 howler monkeys
  A centaur zombie (Ossuary)
  2 bullfrog zombies
  A quasit (D:10)
  5 jellies
  A hound (D:9)
  5 orc priests
  2 centaur skeletons
  2 iguanas
  Terence (D:3)
  10 orc wizards
  7 worker ants
  3 killer bee zombies
  A hound zombie (D:10)
  15 mummies (Ossuary)
  A hound skeleton (D:8)
  2 worker ant zombies
  3 gnolls
  11 adders
  2 ufetubi (D:5)
  2 oozes
  2 adder skeletons (D:4)
  4 adder zombies (Ossuary)
  2 worms
  3 dart slugs
  4 leopard geckos
  34 orcs
  9 bats
  8 giant cockroaches
  6 hobgoblins
  12 jackals
  12 kobolds
  6 quokkas
  3 ball pythons
  2 ball python zombies
  5 frilled lizards
  11 goblins
  2 jackal skeletons
  A jackal zombie (Ossuary)
  2 quokka zombies (Ossuary)
  11 rats
340 creatures vanquished.

Vanquished Creatures (others)
  2 ogres (D:5)
  A centaur (D:5)
  A jelly (D:5)
  An orc (D:5)
  44 fungi (D:11)
  48 plants (D:11)
  7 withered plants (Ossuary)
104 creatures vanquished.

Grand Total: 444 creatures vanquished

Notes
Turn   | Place    | Note
-------+----------+-------------------------------------------
     0 | D:1      | avis the Deep Dwarf Necromancer began the quest for the
                  | Orb.
     0 | D:1      | Reached XP level 1. HP: 15/15 MP: 3/3
   396 | D:1      | Reached XP level 2. HP: 14/22 MP: 1/5
   570 | D:1      | Reached skill level 5 in Necromancy
   849 | D:1      | Reached XP level 3. HP: 16/28 MP: 0/6
   859 | D:1      | Learned a level 3 spell: Vampiric Draining
  1674 | D:2      | Noticed a sky beast
  2331 | D:2      | Reached XP level 4. HP: 7/36 MP: 0/7
  2950 | D:2      | Killed a sky beast
  2951 | D:2      | Reached skill level 6 in Necromancy
  2951 | D:2      | Reached XP level 5. HP: 26/42 MP: 0/8
  3812 | D:3      | Reached skill level 7 in Necromancy
  4349 | D:3      | Noticed Terence
  4363 | D:3      | Killed Terence
  4364 | D:3      | Reached XP level 6. HP: 38/49 MP: 2/9
  4978 | D:3      | Reached skill level 5 in Stealth
  5344 | D:3      | Upgraded the game from 0.27-a0-679-g77a6b55cf3 to
                  | 0.27-a0-681-g0c81a3c1c3
  5661 | D:4      | Found a staircase to the Ecumenical Temple.
  5676 | Temple   | Entered the Ecumenical Temple
  5876 | Temple   | Became a worshipper of Makhleb the Destroyer
  6122 | D:4      | Reached skill level 1 in Fighting
  6122 | D:4      | Reached skill level 1 in Invocations
  6256 | D:4      | Reached skill level 8 in Necromancy
  6256 | D:4      | Reached XP level 7. HP: 57/57 MP: 6/10
  6363 | D:4      | Identified the +4 quarterstaff of Forced Transition {venom,
                  | rF+ Will+ Str+2 Int+3}
  6679 | D:5      | Entered Level 5 of the Dungeon
  6742 | D:5      | Noticed Pikel
  6759 | D:5      | Killed Pikel
  6760 | D:5      | Reached skill level 9 in Necromancy
  6760 | D:5      | Reached XP level 8. HP: 25/68 MP: 4/11
  6842 | D:5      | Found a sand-covered staircase.
  6864 | Ossuary  | Entered an ossuary
  6899 | Ossuary  | Reached * piety under Makhleb
  7023 | Ossuary  | Reached skill level 5 in Invocations
  7151 | Ossuary  | Reached skill level 10 in Necromancy
  7413 | D:5      | Reached ** piety under Makhleb
  7616 | D:5      | Found a shimmering altar of Xom.
  8112 | D:6      | Gained mutation: You passively map the area around you.
                  | [Deep Dwarf growth]
  8112 | D:6      | Reached XP level 9. HP: 72/75 MP: 10/14
  8117 | D:6      | Identified the +9 long sword "Miklora" {vorpal, rC+ Str+4
                  | SInv}
  8403 | D:6      | Reached skill level 1 in Armour
  8972 | D:7      | Identified the +6 trident of the Eternal Warrior {holy,
                  | rF++ Int+4 Dex-2 Stlth+}
  9651 | D:7      | Reached skill level 5 in Spellcasting
  9964 | D:7      | Reached *** piety under Makhleb
 10125 | D:8      | Reached skill level 11 in Necromancy
 10439 | D:8      | Reached XP level 10. HP: 83/84 MP: 13/17
 11185 | D:8      | Found a glowing silver altar of Zin.
 11189 | D:8      | Found an iron altar of Okawaru.
 11195 | D:8      | Found a hide-covered altar of Uskayaw.
 11293 | D:9      | Noticed Erica
 11304 | D:8      | Reached **** piety under Makhleb
 11324 | D:9      | Reached skill level 12 in Necromancy
 11328 | D:9      | HP: 4/81 [something (10)]
 11333 | D:9      | Killed Erica
 11334 | D:9      | Reached skill level 5 in Armour
 11945 | D:9      | Found a staircase to the Orcish Mines.
 12536 | D:10     | Entered Level 10 of the Dungeon
 12748 | D:10     | Noticed Grum
 12774 | D:10     | Killed Grum
 13032 | D:10     | Reached skill level 5 in Fighting
 13037 | D:10     | Noticed Fannar
 13074 | D:10     | Reached ***** piety under Makhleb
 13079 | D:10     | Reached skill level 13 in Necromancy
 13143 | D:10     | Killed Fannar
 13144 | D:10     | Reached XP level 11. HP: 51/94 MP: 3/18
 13618 | D:10     | Reached skill level 10 in Invocations
 13709 | D:10     | Noticed Psyche
 13719 | D:10     | Killed Psyche
 14666 | D:10     | HP: 4/94 [troll (8)]
 14674 | D:10     | Reached skill level 5 in Long Blades
 15134 | D:11     | Noticed a sun demon
 15145 | D:11     | Noticed a soul eater
 15160 | D:11     | Noticed a sixfirhy
 15165 | D:11     | HP: 1/94 [sixfirhy[a kobold demonologist] (9)]
 15166 | D:11     | Slain by a sixfirhy

Illustrated notes

Levels and vault maps discovered:
D:1:      saegor_arrival_simple_b, layout_loops_ring
D:2:      layout_basic, minmay_vboxes
D:3:      layout_basic, uniq_terence
D:4:      layout_rooms, minmay_temple_entry_poolview
D:5:      layout_cave_pools, xom_confusion_cloud, nicolae_ossuary_entry_ruins,
          minmay_between, uniq_pikel
D:6:      layout_rooms
D:7:      layout_basic
D:8:      layout_rooms, minmay_overflow_temple_star_quad, minmay_bent
D:9:      layout_rooms, orc_0_dummy, uniq_erica
D:10:     wad_woods_minihive, layout_stronghold, uniq_psyche, uniq_grum,
          uniq_fannar
D:11:     layout_basic, due_lair_maze_entry_diamond
Temple:   eino_narrow_crystal_temple

Skill      XL: |  1  2  3  4  5  6  7  8  9 10 11 |
---------------+----------------------------------+-----
Spellcasting   | 2 3 5 |  5.0
Necromancy     | 5 6 7 8 9 10 11 13 | 13.6
Stealth        | 3 4 5 |  5.0
Fighting       | 1 2 3 5 |  5.0
Invocations    | 1 3 6 7 9 10 | 10.9
Armour         | 4 5 |  5.0
Long Blades    | 2 5 |  5.8
Dodging        | |  2.1

Action                   |  1- 3 |  4- 6 |  7- 9 | 10-12 || total
-------------------------+-------+-------+-------+-------++-------
Melee: Whip              |    14 |    73 |   152 |       ||   239
       Short sword       |     7 |     2 |       |       ||     9
       Quarterstaff      |       |       |   181 |    46 ||   227
       Long sword        |       |       |    10 |   292 ||   302
       Trident           |       |       |       |    34 ||    34
       Scimitar          |       |       |       |     8 ||     8
 Cast: Pain              |    56 |    21 |    10 |    16 ||   103
       Vampiric Draining |    13 |    41 |    59 |    81 ||   194
Invok: Minor Destruction |       |       |     2 |     7 ||     9
       Major Destruction |       |       |       |     4 ||     4
 Abil: Heal Wounds       |       |       |     6 |       ||     6
Evoke: Wand              |       |       |       |     8 ||     8
  Use: Scroll            |       |       |     6 |     4 ||    10
       Potion            |       |       |       |     9 ||     9
 Stab: Sleeping          |     3 |     3 |       |       ||     6
       Distracted        |       |       |     1 |       ||     1
       Paralysed         |       |       |       |     2 ||     2
Armor: Ring mail         |     3 |    15 |    24 |       ||    42
       Leather armour    |     3 |    13 |       |       ||    16
       Robe              |     3 |       |       |       ||     3
       Scale mail        |       |       |    10 |       ||    10
       Chain mail        |       |       |    73 |   213 ||   286
Dodge: Dodged            |    30 |    41 |   194 |   319 ||   584
Block: Other             |       |    18 |    80 |   139 ||   237
       Reflection        |       |     1 |       |     7 ||     8
       Rpst.: Long sword |       |       |     4 |    79 ||    83
       Scimitar          |       |       |       |     1 ||     1

Table legend: (Time is in decaauts)
 A = Elapsed time spent in this place.
 B = Non-inter-level travel time spent in this place.
 C = Inter-level travel time spent in this place.
 D = Time resting spent in this place.
 E = Time spent auto-exploring this place.
 F = Levels seen in this place.
 G = Mean time per level.
                   A        B        C        D        E       F      G
               +--------+--------+--------+--------+--------+-----+--------+
         Total |  15379 |  13767 |   1612 |   4686 |   4720 |  13 | 1183.0 |
       Dungeon |  14598 |  13016 |   1582 |   4640 |   4515 |  11 | 1327.1 |
        Temple |    267 |    237 |     30 |      0 |    179 |   1 |  267.0 |
       Ossuary |    513 |    513 |      0 |     46 |     26 |   1 |  513.0 |
               +--------+--------+--------+--------+--------+-----+--------+

Top non-repeatable levels by time:
     D:3: 2516 daAuts
    D:10: 2457 daAuts
     D:1: 1983 daAuts
     D:8: 1424 daAuts
     D:2: 1332 daAuts
     D:7: 1155 daAuts
     D:9: 984 daAuts
     D:5: 929 daAuts
     D:4: 888 daAuts
     D:6: 838 daAuts
 Ossuary: 513 daAuts
  Temple: 267 daAuts
    D:11: 86 daAuts
